AoeStats
← O grande

Arabia

506195326Analyzed
1v1 RM · 19d ago on Sep 12, 2026· 67m 0s· 2 players
Game mode
Random Map
Map size
Tiny (2 player)
Population
200
Speed
Normal
Resources
Standard
Victory
Conquest
Starting age
Dark Age
Ending age
Imperial Age
RankedLock teamsTeams togetherTeam positionsShared explorationLock speedFull tech treeHidden civsTurbo modeCheats
Victory
Defeat
🇵🇰 Khitans · Pakistan
2179
+9
🇧🇷 Dravidians · Brazil
2014
-9
O grande
6:26 Loom
9:09 Feudal Age
9:51 Man-at-Arms
14:57 Fletching
15:14 Arson
16:12 Double-Bit Axe
21:49 Castle Age
20:08 Horse Collar
20:57 Gold Mining
21:53 Padded Archer Armor
22:27 Bodkin Arrow
21:55 Crossbowman
24:26 Bow Saw
26:16 Wheelbarrow
26:42 Heavy Plow
27:53 Elite Skirmisher
30:58 Scale Barding Armor
35:16 Imperial Age
32:32 Town Watch
33:22 Ballistics
33:56 Leather Archer Armor
33:54 Stone Mining
35:59 Bracer
37:02 Chemistry
37:17 Masonry
39:17 Ring Archer Armor
39:47 Squires
39:33 Gambesons
39:49 Scale Mail Armor
39:59 Forging
41:21 Conscription
41:39 Chain Mail Armor
40:46 Pikeman
42:44 Iron Casting
42:55 Hoardings
43:14 Plate Mail Armor
42:20 Halberdier
44:39 Elite Elephant Archer
45:59 Thumb Ring
46:29 Medical Corps
48:44 Hand Cart
48:30 Town Patrol
49:47 Blast Furnace
51:05 Murder Holes
50:58 Light Cavalry
51:38 Husbandry
53:16 Chain Barding Armor
56:59 Guard Tower
62:10 Long Swordsman
62:43 Two-Handed Swordsman
63:31 Champion
MangonelDance
7:09 Loom
9:15 Feudal Age
10:02 Double-Bit Axe
11:18 Domestication
19:08 Fletching
22:42 Castle Age
20:52 Fletching
21:17 Padded Archer Armor
22:38 Gold Mining
23:21 Bodkin Arrow
22:49 Elite Skirmisher
23:51 Bow Saw
24:21 Leather Archer Armor
24:36 Town Watch
25:27 Wheelbarrow
26:06 Ballistics
29:59 Pastoralism
36:10 Imperial Age
36:33 Masonry
36:43 Hand Cart
36:56 Bracer
37:59 Chemistry
38:16 Lamellar Armor
39:02 Thumb Ring
39:37 Conscription
39:56 Ring Archer Armor
40:16 Husbandry
40:23 Scale Barding Armor
41:03 Forging
40:25 Elite Steppe Lancer
42:27 Chain Barding Armor
44:02 Iron Casting
44:48 Plate Barding Armor
50:24 Light Cavalry
51:20 Ordo Cavalry
56:02 Hussar
57:24 Guilds
58:11 Guard Tower
59:18 Squires
59:04 Gambesons
59:35 Scale Mail Armor
60:12 Elite Fire Lancer
61:08 Chain Mail Armor
62:29 Plate Mail Armor
61:41 Capped Ram
62:38 Siege Ram
64:18 Siege Engineers
Connection lost

Rejoining the realm…

Still unreachable

The connection could not be restored.

Session expired

The server has moved on; the page needs a fresh start.